 Dungeon Crawl Stone Soup version 0.29.1-15-g9cfb28693d (webtiles) character file.

Game seed: 17758646462008837204

2109 nightchill the Cleaver (level 9, -13/83 HPs)
             Began as a Hill Orc Fighter on Mar 10, 2023.
             Was a Follower of Fedhas.
             Killed from afar by Maggie (28 damage)
             ... with a bolt of fire
             ... on level 6 of the Dungeon on Mar 13, 2023.
             The game lasted 00:09:52 (5623 turns).

nightchill the Cleaver (Hill Orc Fighter)           Turns: 5623, Time: 00:09:52

Health: -13/83     AC:  6    Str: 29    XL:     9   Next: 28%
Magic:  9/9        EV: 13    Int:  8    God:    Fedhas [*.....]
Gold:   175        SH:  4    Dex: 10    Spells: 8/8 levels left

rFire   . . .      SeeInvis .   a - +0 war axe
rCold   . . .      Faith    .   c - +0 buckler
rNeg    . . .      Spirit   .   b - +0 scale mail
rPois   .          Reflect  .   (no helmet)
rElec   .          Harm     .   (no cloak)
rCorr   .          Rampage  .   (no gloves)
Will    .....                   (no boots)
Stlth   ..........              (no amulet)
HPRegen 0.23/turn               u - +6 ring of strength
MPRegen 0.11/turn               y - +4 ring of evasion

@: mesmerised
A: no striking features
a: Renounce Religion


You were on level 6 of the Dungeon.
You worshipped Fedhas.
Fedhas was aware of your devotion.
You visited 1 branch of the dungeon, and saw 6 of its levels.

You collected 175 gold pieces.

Inventory:

Hand Weapons
 a - a +0 war axe (weapon)
 k - a +0 whip of flaming
 l - a +2 dagger of pain
 x - a +2 dagger of holy wrath
Armour
 b - a +0 scale mail (worn)
 c - a +0 buckler (worn)
Magical Staves
 q - a staff of conjuration
Jewellery
 u - a +6 ring of strength (left hand)
 y - a +4 ring of evasion (right hand)
Scrolls
 f - a scroll of brand weapon {unknown}
 g - 2 scrolls of noise
 h - 2 scrolls of fear
 i - a scroll of teleportation
 o - 2 scrolls of immolation {unknown}
 s - a scroll of amnesia {unknown}
 t - a scroll of magic mapping {unknown}
Potions
 d - a potion of degeneration {unknown}
 e - 2 potions of attraction
 j - 2 potions of ambrosia {unknown}
 p - 3 potions of flight
 r - a potion of lignification {unknown}
 v - a potion of mutation {unknown}
 w - 2 potions of curing
 z - a potion of haste {unknown}


   Skills:
 + Level 9.0 Fighting
 * Level 12.9 Axes
 - Level 3.2 Armour
 - Level 3.2 Shields


You had 8 spell levels left.
You didn't know any spells.
Your spell library contained the following spells:

 Spells                   Type           Power      Damage    Failure   Level
 Sandblast                Erth           0%         2d4       77%         1
 Slow                     Hex            0%         N/A       77%         1
 Confusing Touch          Hex            0%         N/A       98%         3
 Summon Guardian Golem    Hex/Summ       0%         N/A       98%         3
 Vampiric Draining        Necr           0%         2d6       98%         3
 Orb of Destruction       Conj           0%         9d5       100%        7
 Spellforged Servitor     Conj/Summ      0%         N/A       100%        7


Dungeon Overview and Level Annotations

Branches:
Dungeon (6/15)             Temple (0/1) D:4

Altars:
Elyvilon
Fedhas
Kikubaaqudgha
Uskayaw

Annotations:
D:6 Maggie


Message History

You hit Maggie.
Maggie is lightly wounded.
Maggie hits you with a +0 halberd!
* * * LOW HITPOINT WARNING * * *
You feel better. Maggie gestures at you while chanting.
The bolt of fire misses you.
You closely miss Maggie.
Maggie is lightly wounded.
Maggie hits you with a +0 halberd!
* * * LOW HITPOINT WARNING * * *
You aren't carrying any items that you can evoke.
You slash Maggie!
Maggie is heavily wounded.
Maggie gestures wildly while chanting.
Maggie draws you further into her thrall.
You hit Maggie but do no damage.
Maggie is heavily wounded.
Maggie closely misses you.
You barely miss Maggie.
Maggie is heavily wounded.
Maggie hits you with a +0 halberd!
* * * LOW HITPOINT WARNING * * *
You feel much better. Maggie closely misses you.
You slice Maggie!!
Maggie is severely wounded.
Maggie closely misses you.
You slash Maggie!
Maggie is almost dead.
You hit Maggie but do no damage.
Maggie is almost dead.
Maggie casts a spell at you. The bolt of fire hits you!!
* * * LOW HITPOINT WARNING * * *
You closely miss Maggie.
Maggie is almost dead.
Maggie gestures at you while chanting. The bolt of fire hits you!!
You die...
Fedhas appreciates your contribution to the ecosystem.

#.................#
#.
#####.###.........#
## #.# ###########
#.# ##.#### #.....#
#.....# #.....#
#.@...# #.@...#
#...?.....
#......./.
#.....#### #.....#
#####.. ##.


You could see Maggie (mesmerising, empowered).

Vanquished Creatures
  Pikel (D:4)
  Prince Ribbit (D:5)
  Sigmund (D:3)
  A sky beast (D:6)
  A black bear (D:5)
  4 ogres
  A lemure (D:4)
  2 phantoms
  2 necrophages (D:5)
  3 scorpions
  A jelly (D:5)
  2 hounds (D:4)
  3 iguanas
  An orc wizard (D:5)
  4 gnolls (D:2)
  5 adders
  An ufetubus (D:5)
  2 dart slugs
  8 orcs
  7 endoplasms
  3 giant cockroaches
  3 goblins
  10 hobgoblins
  10 jackals
  2 quokkas
  3 ball pythons
  2 bats (D:3)
  3 frilled lizards (D:1)
  7 kobolds
  6 rats
100 creatures vanquished.

Vanquished Creatures (others)
  A hobgoblin (D:4)
  A fungus (D:2)
  18 plants (D:2)
20 creatures vanquished.

Grand Total: 120 creatures vanquished

Notes
Turn   | Place    | Note
-------+----------+-------------------------------------------
     0 | D:1      | nightchill the Hill Orc Fighter began the quest for the
                  | Orb.
     0 | D:1      | Reached XP level 1. HP: 19/19 MP: 1/1
    26 | D:1      | Reached skill level 3 in Axes
    30 | D:1      | Reached XP level 2. HP: 24/27 MP: 2/2
   110 | D:1      | You fall into a shaft and drop 1 floor!
   389 | D:2      | Reached skill level 4 in Axes
   393 | D:2      | Reached XP level 3. HP: 12/33 MP: 3/3
  1338 | D:2      | Reached XP level 4. HP: 23/41 MP: 4/4
  1346 | D:2      | Reached skill level 5 in Axes
  1561 | D:2      | Found a faded altar of an unknown god.
  1577 | D:2      | Got Plato's Handbook of Grit
  2125 | D:3      | Found a blossoming altar of Fedhas.
  2129 | D:3      | Became a worshipper of Fedhas Madash
  2158 | D:3      | Found a hide-covered altar of Uskayaw.
  2404 | D:3      | Found a white marble altar of Elyvilon.
  2522 | D:3      | Noticed Sigmund
  2547 | D:3      | Killed Sigmund
  2548 | D:3      | Reached skill level 5 in Fighting
  2548 | D:3      | Reached skill level 7 in Axes
  2548 | D:3      | Reached XP level 5. HP: 21/48 MP: 5/5
  2548 | D:3      | Reached XP level 6. HP: 24/56 MP: 6/6
  2860 | D:4      | Found a staircase to the Ecumenical Temple.
  3140 | D:4      | Reached skill level 8 in Axes
  3140 | D:4      | Reached XP level 7. HP: 63/63 MP: 7/7
  3313 | D:4      | Reached * piety under Fedhas
  3652 | D:4      | Reached skill level 9 in Axes
  3793 | D:5      | Entered Level 5 of the Dungeon
  4087 | D:5      | Reached XP level 8. HP: 73/73 MP: 8/8
  4103 | D:5      | Reached skill level 10 in Axes
  4223 | D:5      | Noticed Prince Ribbit
  4268 | D:5      | Killed Prince Ribbit
  4269 | D:5      | Noticed Pikel
  4530 | D:4      | Killed Pikel
  4531 | D:4      | Reached skill level 11 in Axes
  4946 | D:5      | Found an ancient bone altar of Kikubaaqudgha.
  4958 | D:5      | Reached skill level 12 in Axes
  4958 | D:5      | Reached XP level 9. HP: 82/82 MP: 9/9
  5604 | D:6      | Noticed Maggie
  5623 | D:6      | Killed from afar by Maggie

Illustrated notes

Levels and vault maps discovered:
D:1:      eino_arrival_cavern_b, layout_rooms
D:2:      layout_rooms, shapermc_ecumenical_altar_rom_forum, minmay_hedge_maze,
          nicolae_grassy_gnolls
D:3:      layout_rooms, marbit_many_paths, eat_drink_and_be_merry_uskayaw,
          mainiacjoe_overflow_paths, minmay_misc_feat_hallway, uniq_sigmund
D:4:      minmay_evil_eye, layout_gridville, minmay_temple_entry_stoned_glass,
          lemuel_flame_loot_1
D:5:      layout_rooms, mainiacjoe_overflow_small_starburst, uniq_pikel,
          uniq_prince_ribbit1
D:6:      layout_rooms, serial_corexii_hall, corexii_hall_statues_s,
          chequers_hall_statues_corner_a, uniq_maggie

Skill      XL: |  1  2  3  4  5  6  7  8  9 |
---------------+----------------------------+-----
Axes           | 3 4 7 8 9 12 | 12.9
Fighting       | 4 5 6 7 8 9 |  9.0
Armour         | |  3.2
Shields        | |  3.2

Action                   |  1- 3 |  4- 6 |  7- 9 || total
-------------------------+-------+-------+-------++-------
Melee: War axe           |    80 |   146 |   163 ||   389
  Use: Potion            |       |     2 |     6 ||     8
       Scroll            |       |     2 |     3 ||     5
Armor: Scale mail        |    44 |    48 |    33 ||   125
Dodge: Dodged            |    60 |    42 |    64 ||   166
Block: Buckler           |    24 |    24 |    34 ||    82
